 Dungeon Crawl Stone Soup version 0.22.1-6-g1668fe2c40 (webtiles) character file.

67 Ramireus the Sneak (level 4, 0/21 HPs)
             Began as a Spriggan Enchanter on Jan 25, 2019.
             Succumbed to a goblin's poison
             ... on level 2 of the Dungeon on Jan 28, 2019.
             The game lasted 00:11:46 (1868 turns).

Ramireus the Sneak (Spriggan Enchanter)             Turns: 1868, Time: 00:11:46

Health: 0/21       AC:  2    Str:  4    XL:     4   Next: 0%
Magic:  2/9        EV: 25    Int: 22    God:
Gold:   59         SH:  0    Dex: 21    Spells: 6/9 levels left

rFire    . . .     SeeInvis +   a - +1 dagger
rCold    . . .     Gourm    .   (shield restricted)
rNeg     . . .     Faith    .   b - +0 robe
rPois    .         Spirit   .   (helmet restricted)
rElec    .         Reflect  .   (no cloak)
rCorr    .         Harm     .   (gloves unavailable)
MR       .....     Clarity  +   (boots unavailable)
Stlth    ++++......             (no amulet)
HPRegen  0.07/turn              (no ring)
MPRegen  0.11/turn              (no ring)

@: brilliant, agile, lethally poisoned (0 -> -17), flying, hasted, very quick
A: very small, unfitting armour, horns 1, see invisible, clarity, herbivore,
speed 3, slow metabolism 2, wild magic 1
a: no special abilities


You were on level 2 of the Dungeon.
You were hungry.

You visited 1 branch of the dungeon, and saw 2 of its levels.

You collected 59 gold pieces.

Inventory:

Hand Weapons
 a - a +1 dagger (weapon)
Missiles
 j - 6 poisoned needles
Armour
 b - a +0 robe (worn)
Scrolls
 f - 2 scrolls of identify {unknown}
 g - a scroll of fear {unknown}
 k - a scroll of teleportation {unknown}
Potions
 e - a potion of mutation
 h - a potion of agility
Comestibles
 d - 2 rations


   Skills:
 * Level 1.4 Short Blades
 * Level 3.7 Dodging
 * Level 5.4 Stealth
 * Level 3.0 Spellcasting
 * Level 4.3 Hexes
 * Level 0.8 Ice Magic


You had 6 spell levels left.
You knew the following spells:

 Your Spells              Type           Power        Failure   Level  Hunger
a - Corona                Hex            #####..      1%          1    None
b - Ensorcelled Hibernat  Hex/Ice        #####.       1%          2    ##.....

Your spell library contained the following spells:

 Spells                   Type           Power        Failure   Level  Hunger
 Confuse                  Hex            #####...     1%          3    ###....
 Tukima's Dance           Hex            #####...     1%          3    ###....
 Dazzling Spray           Conj/Hex       ####..       2%          3    ###....


Dungeon Overview and Level Annotations

Branches:
Dungeon (2/15)

Altars:


Innate Abilities, Weirdness & Mutations

You are very small and have problems with some larger weapons.
You are too small for most types of armour.
You have supernaturally acute eyesight. (SInv)
You are a herbivore.
You cover ground extremely quickly.
You need to consume almost no food.
You have a pair of small horns on your head.
You possess an exceptional clarity of mind.
Your spells are a little harder to cast, but a little more powerful.


Message History

It was a potion of mutation.
You feel extremely strange.
Your thoughts seem clearer.
You feel less in control of your magic. A pair of horns grows on your head!
You feel sick.
The goblin shoots a stone.
The stone hits you.
* * * LOW HITPOINT WARNING * * *
It was a potion of agility.
You feel agile all of a sudden.
* * * LOW HITPOINT WARNING * * *
You feel sick.
It was a potion of flight.
You feel very buoyant.
You fly up into the air.
* * * LOW HITPOINT WARNING * * *
You feel sick.
The goblin shoots a stone.
The stone completely misses you.
It was a potion of brilliance.
You feel clever all of a sudden.
* * * LOW HITPOINT WARNING * * *
You feel sick.
The goblin shoots a stone.
The stone closely misses you.
It was a potion of haste.
You feel yourself speed up.
You die...

########## #........# ######
#........# #....# #........#
###..).#########.........
#####
#†'.((..@†.gg(.(......g..
#...#
#.#....#########((....g..
#...# #.#....# #####.....
#...# #.#....# ....
#...####.#....# ...
#.....##.#....# ..
#...#.##.###### . #...+.##.#
#...####.#####################


You could see 2 goblins.

Vanquished Creatures
  3 adders (D:2)
  A worm (D:2)
  A dart slug (D:1)
  A leopard gecko (D:2)
  2 ball pythons (D:1)
  6 goblins
  5 hobgoblins
  7 bats
  2 frilled lizards (D:1)
  6 kobolds
  2 rats
36 creatures vanquished.

Notes
Turn   | Place    | Note
-------+----------+-------------------------------------------
     0 | D:1      | Ramireus the Spriggan Enchanter began the quest for the
                  | Orb.
     0 | D:1      | Reached XP level 1. HP: 9/9 MP: 5/5
   512 | D:1      | Reached XP level 2. HP: 7/13 MP: 3/6
   516 | D:1      | Learned a level 2 spell: Ensorcelled Hibernation
   803 | D:1      | Reached skill level 5 in Stealth
  1422 | D:2      | Reached XP level 3. HP: 16/16 MP: 5/8
  1846 | D:2      | Reached XP level 4. HP: 21/21 MP: 6/9
  1864 | D:2      | Gained mutation: You possess an exceptional clarity of
                  | mind. [potion of mutation]
  1864 | D:2      | Gained mutation: Your spells are a little harder to cast,
                  | but a little more powerful. [potion of mutation]
  1864 | D:2      | Gained mutation: You have a pair of small horns on your
                  | head. [potion of mutation]
  1867 | D:2      | HP: 1/21 [poisoned by a goblin]
  1868 | D:2      | Succumbed to a goblin's poison

Skill      XL: |  1  2  3 |
---------------+----------+-----
Stealth        | 5 |  5.4
Spellcasting   | 3 |  3.0
Hexes          | 4 |  4.3
Short Blades   | |  1.4
Dodging        | |  3.7
Ice Magic      | |  0.8

Action                   |  1- 3 |  4- 6 || total
-------------------------+-------+-------++-------
Melee: Dagger            |    82 |     5 ||    87
Throw: Stone             |     9 |     3 ||    12
 Cast: Corona            |     8 |       ||     8
       Ensorcelled Hiber |    27 |     3 ||    30
  Use: Potion            |       |     5 ||     5
 Stab: Sleeping          |    26 |       ||    26
Armor: Robe              |     4 |     1 ||     5
Dodge: Dodged            |    59 |    11 ||    70
